AoeStats
← perromelocoton

Black Forest

506413949Analyzed
1v1 RM · 17d ago on Sep 13, 2026· 83m 56s· 2 players
Game mode
Random Map
Map size
Tiny (2 player)
Population
200
Speed
Normal
Resources
Standard
Victory
Conquest
Starting age
Dark Age
Ending age
Imperial Age
RankedLock teamsTeams togetherTeam positionsShared explorationLock speedFull tech treeHidden civsTurbo modeCheats
Victory
Defeat
🇪🇸 Gurjaras · Spain
862
+16
🇦🇹 Spanish · Austria
868
-16
perromelocoton
0:52 Loom
10:55 Feudal Age
11:43 Double-Bit Axe
17:56 Castle Age
15:53 Fishing Lines
19:06 Wheelbarrow
19:42 Bow Saw
21:31 Gillnets
23:32 Gold Mining
28:14 Imperial Age
26:10 Hand Cart
26:10 Stone Mining
26:57 Gold Shaft Mining
26:25 Horse Collar
28:44 Scale Barding Armor
28:50 Forging
29:36 Conscription
29:51 Kshatriyas
30:58 Husbandry
32:12 Chain Barding Armor
32:16 Ballistics
32:59 Chemistry
33:47 Plate Barding Armor
33:27 Bloodlines
33:07 Heavy Camel Rider
34:16 Elite Chakram Thrower
35:11 Heavy Plow
35:56 Iron Casting
35:24 Scale Mail Armor
36:24 Crop Rotation
36:04 Siege Elephant
37:36 Chain Mail Armor
37:54 Elite Shrivamsha Rider
39:32 Plate Mail Armor
38:54 Fletching
40:42 Padded Archer Armor
41:22 Hoardings
42:14 Light Cavalry
44:54 Ballistics
44:45 Masonry
44:22 Hussar
46:35 Frontier Guards
55:26 Arson
57:18 Man-at-Arms
76:21 Long Swordsman
81:15 Caravan
83:30 Town Watch
zipfiklatscher
1:53 Loom
12:05 Feudal Age
18:01 Castle Age
16:46 Double-Bit Axe
16:42 Horse Collar
16:53 Gold Mining
19:15 Bow Saw
19:06 Heavy Plow
25:31 Stone Mining
27:47 Wheelbarrow
30:14 Imperial Age
28:58 Stone Shaft Mining
30:31 Hand Cart
30:40 Town Watch
32:26 Chemistry
31:44 Pikeman
32:25 Squires
33:20 Town Patrol
34:04 Block Printing
34:02 Redemption
34:00 Atonement
34:15 Elite Conquistador
35:53 Fletching
36:04 Padded Archer Armor
36:15 Forging
36:06 Scale Mail Armor
36:11 Scale Barding Armor
35:47 Elite Skirmisher
35:53 Halberdier
38:12 Two-Man Saw
37:35 Cavalier
40:13 Iron Casting
39:54 Chain Mail Armor
39:35 Bodkin Arrow
39:56 Leather Archer Armor
40:59 Thumb Ring
42:01 Bracer
42:32 Ring Archer Armor
42:32 Plate Mail Armor
42:35 Husbandry
42:46 Bloodlines
44:24 Ballistics
44:27 Bombard Tower
46:59 Blast Furnace
46:29 Ring Archer Armor
46:20 Chain Barding Armor
50:01 Plate Barding Armor
52:01 Light Cavalry
54:38 Hussar
69:33 Paladin
Connection lost

Rejoining the realm…

Still unreachable

The connection could not be restored.

Session expired

The server has moved on; the page needs a fresh start.